 Dungeon Crawl Stone Soup version 0.25-a0-927-g39f137c8b7 (webtiles) character file.

Game seed: 5587587336705154865, levelgen mode: deterministic

899 Maedhros the Insei (level 8, -7/48 HPs)
             Began as an Octopode Artificer on May 3, 2020.
             Mangled by an ogre
             ... wielding a +0 giant spiked club
              (33 damage)
             ... on level 6 of the Dungeon.
             The game lasted 00:05:49 (1640 turns).

Maedhros the Insei (Octopode Artificer)             Turns: 1640, Time: 00:05:50

Health: -7/48      AC:  1    Str: 11    XL:     8   Next: 7%
Magic:  10/10      EV: 13    Int: 14    God:
Gold:   180        SH:  0    Dex: 14    Spells: 4/7 levels left

rFire    + . .     SeeInvis .     - Unarmed
rCold    . . .     Gourm    .   (no shield)
rNeg     + . .     Faith    .   (helmet restricted)
rPois    .         Spirit   .   q - amulet of harm
rElec    .         Reflect  .   a - ring of protection from fire
rCorr    .         Harm     +   r - ring of positive energy
MR       .....                  (no ring)
Stlth    ++++......             (no ring)
HPRegen  0.16/turn              (no ring)
MPRegen  0.12/turn              (no ring)
                                (no ring)
                                (no ring)

@: no status effects
A: almost no armour, stealthy swim, amphibious, 8 rings, constrict 8, camouflage
1, gelatinous body 1
a: no special abilities


You were on level 6 of the Dungeon.
You were not hungry.

You visited 1 branch of the dungeon, and saw 6 of its levels.

You collected 180 gold pieces.

Inventory:

Armour
 e - a +0 buckler
Jewellery
 a - a ring of protection from fire (left tentacle)
 q - an amulet of harm (around mantle)
 r - a ring of positive energy (right tentacle)
Wands
 b - a wand of flame (10)
 c - a wand of enslavement (5)
 d - a wand of random effects (21)
 m - a wand of paralysis (4)
Scrolls
 g - a scroll of enchant armour {unknown}
 h - 3 scrolls of immolation {unknown}
 i - 4 scrolls of identify {unknown}
 j - 2 scrolls of remove curse {unknown}
 k - 4 scrolls of teleportation {unknown}
 n - a scroll of enchant weapon {unknown}
 o - a scroll of amnesia {unknown}
Potions
 l - a potion of mutation {unknown}
 p - a potion of stabbing {unknown}
Comestibles
 f - 3 rations
 s - a chunk of flesh


   Skills:
 - Level 1.0 Fighting
   Level 1.0 Short Blades
 - Level 2.0 Dodging
 - Level 4.0 Stealth
 * Level 7.3 Unarmed Combat
 + Level 3.9 Earth Magic
 - Level 3.2 Evocations


You had 4 spell levels left.
You knew the following spells:

 Your Spells              Type           Power        Failure   Level  Hunger
a - Stone Arrow           Conj/Erth      #.....       36%         3    ####...

Your spell library contained the following spells:

 Spells                   Type           Power        Failure   Level  Hunger
 Sandblast                Erth           ##....       6%          1    ##.....
 Passwall                 Tmut/Erth      #.......     21%         2    ###....
 Petrify                  Tmut/Erth      #.......     78%         4    #####..
 Lee's Rapid Deconstruct  Erth           ##........   86%         5    ######.


Dungeon Overview and Level Annotations

Branches:
Dungeon (6/15)
 Temple: D:4-7

Altars:
Gozag
Sif Muna
Trog
Wu Jian

Shops:
D:5 (?!=?

Annotations:
D:6 1 transporter, Sigmund


Innate Abilities, Weirdness & Mutations

You cannot wear most types of armour.
You are very stealthy in the water. (Stealth+)
You are amphibious.
You can wear up to eight rings at the same time.
You can use your tentacles to constrict eight enemies at once.
Your skin changes colour to match your surroundings (Stealth+).
Your rubbery body absorbs attacks. (AC +1, EV +1)


Message History

Sigmund hits the ogre but does no damage.
Evoke which item? (* to show all) (? for menu, Esc to quit)
Aiming: Random Effects
Press: ? - help, Shift-Dir - straight line, f - ogre, p - Sigmund
Aim: an ogre, wielding a +0 giant spiked club The puff of frost hits the ogre!
The ogre is moderately wounded.
Sigmund hits the ogre from afar with a +0 scythe!
Evoke which item? (* to show all) (? for menu, Esc to quit)
Aiming: Throw Flame
Press: ? - help, Shift-Dir - straight line, f/p - ogre
Aim: an ogre, wielding a +0 giant spiked club (heavily wounded)
The puff of flame hits the ogre.
The ogre is severely wounded.
You completely miss the ogre.
Your tentacle-slap misses the ogre.
You squeeze the ogre, but do no damage.
The ogre is severely wounded.
The ogre hits you with a +0 giant spiked club!!
Ouch! That really hurt!
You die...

#.°.○☼# #........
#○°°○° #.#......
##########.#####.#
#.##............
#<..............
####.########### #
#.# #.#####.#
#.@..O@.#
#########


You could see an ogre and the friendly Sigmund.

Vanquished Creatures
  Grinder (D:4)
  Eustachio (D:4)
  An ogre (D:4)
  A centaur (D:5)
  A scorpion (D:5)
  3 crimson imps
  2 hounds
  An orc priest (D:4)
  An orc wizard (D:4)
  2 worker ants
  2 gnolls (D:2)
  7 adders
  An adder skeleton (D:4)
  3 worms (D:4)
  2 dart slugs
  2 leopard geckos
  2 orcs (D:4)
  2 goblins (D:2)
  A hobgoblin (D:2)
  2 bats
  2 frilled lizards (D:4)
  3 kobolds
43 creatures vanquished.

Vanquished Creatures (collateral kills)
  An adder skeleton (D:4)
  An orc (D:4)
  A frilled lizard (D:4)
3 creatures vanquished.

Vanquished Creatures (others)
  A worker ant (D:4)
  An adder (D:4)
2 creatures vanquished.

Grand Total: 48 creatures vanquished

Notes
Turn   | Place    | Note
-------+----------+-------------------------------------------
     0 | D:1      | Maedhros the Octopode Artificer began the quest for the
                  | Orb.
     0 | D:1      | Reached XP level 1. HP: 13/13 MP: 3/3
    88 | D:2      | Reached XP level 2. HP: 18/18 MP: 4/4
    95 | D:2      | Reached XP level 3. HP: 9/23 MP: 5/5
   120 | D:2      | Reached skill level 1 in Unarmed Combat
   493 | D:4      | Found a bloodstained altar of Trog.
   499 | D:4      | Found a shimmering blue altar of Sif Muna.
   538 | D:4      | Reached skill level 2 in Unarmed Combat
   566 | D:4      | Reached XP level 4. HP: 28/28 MP: 6/6
   662 | D:4      | Reached skill level 3 in Unarmed Combat
   696 | D:4      | Noticed an ogre
   714 | D:4      | Killed an ogre
   714 | D:4      | Reached skill level 4 in Unarmed Combat
   714 | D:4      | Reached XP level 5. HP: 27/33 MP: 7/7
   736 | D:4      | Learned a level 3 spell: Stone Arrow
   809 | D:4      | Noticed Grinder
   829 | D:4      | Killed Grinder
   829 | D:4      | Reached skill level 5 in Unarmed Combat
   829 | D:4      | Reached XP level 6. HP: 23/38 MP: 8/8
   855 | D:4      | Noticed Eustachio
   881 | D:4      | Killed Eustachio
   881 | D:4      | Reached skill level 6 in Unarmed Combat
   881 | D:4      | Reached XP level 7. HP: 26/43 MP: 9/9
   990 | D:5      | Entered Level 5 of the Dungeon
  1033 | D:5      | Found Otoph's Jewellery Emporium.
  1058 | D:5      | Found Gischuibu's Distillery.
  1093 | D:5      | Found Gaethirr's Magic Scroll Emporium.
  1140 | D:5      | Found an ornate altar of the Wu Jian Council.
  1142 | D:5      | Found an opulent altar of Gozag.
  1175 | D:5      | Found Megusaci's Weapon Shop.
  1365 | D:5      | Found Pemuvyso's Magic Scroll Shoppe.
  1486 | D:5      | Reached skill level 7 in Unarmed Combat
  1532 | D:5      | Reached XP level 8. HP: 8/48 MP: 10/10
  1609 | D:6      | Found a transporter.
  1627 | D:6      | Noticed Sigmund
  1640 | D:6      | Mangled by an ogre

Levels and vault maps discovered:
D:1:      minmay_arrival_up_and_down, layout_rooms
D:2:      layout_basic, first_ration
D:3:      layout_rooms, ebering_ghost_rock_garden
D:4:      layout_basic, amethyst_overflow_temple_binary, minmay_joined_circles,
          uniq_grinder, uniq_eustachio
D:5:      layout_basic, minitemple, serial_shops, kennysheep_mini,
          kennysheep_mini_moat, shop, shop, shop
D:6:      gammafunk_cloud_chamber, layout_loops_ring, st_stairs_14,
          kennysheep_boxes, uniq_sigmund, uniq_edmund

Skill      XL: |  1  2  3  4  5  6  7 |
---------------+----------------------+-----
Stealth        | 3 4 |  4.0
Unarmed Combat | 2 4 5 6 7 |  7.3
Earth Magic    | 2 3 |  3.9
Fighting       | |  1.0
Short Blades   | |  1.0
Dodging        | |  2.0
Evocations     | |  3.2

Action                   |  1- 3 |  4- 6 |  7- 9 || total
-------------------------+-------+-------+-------++-------
Melee: Short sword       |    39 |    12 |       ||    51
       Constrict         |     7 |     8 |     8 ||    23
       Tentacles         |     5 |     5 |    10 ||    20
       Unarmed           |       |    37 |    45 ||    82
       Punch             |       |     1 |     3 ||     4
Evoke: Wand              |     1 |    22 |     8 ||    31
  Use: Potion            |       |     3 |       ||     3
 Stab: Sleeping          |     5 |     1 |     4 ||    10
       Distracted        |     1 |       |     1 ||     2
       Paralysed         |       |       |     2 ||     2
  Eat: Chunk             |       |       |     2 ||     2
Armor: Skin              |     5 |    40 |     4 ||    49
Dodge: Dodged            |    28 |    26 |    17 ||    71

Table legend:
 A = Non-vault XP
 B = Vault XP
 C = Vault XP percentage of total XP
 D = Non-vault monster count
 E = Vault monster count
 F = Vault count percentage of total count
                 A         B        C        D         E       F
            +---------+---------+-------+---------+---------+-------
      Total |     663 |     622 |  48.4 |      39 |       7 |  15.2
            +---------+---------+-------+---------+---------+-------
        D:1 |       6 |       0 |   0.0 |       3 |       0 |   0.0
        D:2 |      40 |       0 |   0.0 |       8 |       0 |   0.0
        D:4 |     232 |     572 |  71.1 |      19 |       6 |  24.0
        D:5 |     385 |       0 |   0.0 |       9 |       0 |   0.0
        D:6 |       0 |      50 | 100.0 |       0 |       1 | 100.0
            +---------+---------+-------+---------+---------+-------
